 Seeded DCSS version 0.26.1-2-gb8aa6d0cf2 (webtiles) character file.

Game seed: 9590131211779451766 (custom seed)

13218 rocky1 the Earth Mage (level 12, -1/75 HPs)
             Began as a Gargoyle Earth Elementalist on Mar 27, 2021.
             Was an Initiate of Sif Muna.
             Slain by a minotaur
             ... wielding a +5 short sword of draining
              (8 damage)
             ... in a Gauntlet.
             The game lasted 00:52:39 (12691 turns).

rocky1 the Earth Mage (GrEE)                       Turns: 12691, Time: 00:52:40

Health: -1/75      AC: 16    Str: 12    XL:     12   Next: 3%
Magic:  7/34       EV: 13    Int: 21    God:    Sif Muna [......]
Gold:   802        SH:  0    Dex: 10    Spells: 14/29 levels left

rFire    . . .     SeeInvis .   w - +2 morningstar (venom)
rCold    . . .     Faith    .   (no shield)
rNeg     + . .     Spirit   .   r - +0 leather armour
rPois    ∞         Reflect  .   (no helmet)
rElec    +         Harm     .   D - scarf {repulsion}
rCorr    .         Rampage  .   (no gloves)
Will     .....     NoTele   +   A - +0 pair of boots
Stlth    ++........             E - amulet of magic regeneration
HPRegen  0.22/turn              f - +4 ring of protection
MPRegen  0.49/turn              a - ring of magical power

@: hasted, repel missiles, very quick
A: negative energy resistance 1, electricity resistance, unbreathing,
petrification resistance, miasma immunity, AC +8
a: Renounce Religion


You were in a Gauntlet.
You worshipped Sif Muna.
Sif Muna was noncommittal.
You visited 3 branches of the dungeon, and saw 11 of its levels.
You also visited: Sewer, Bailey and Gauntlet.

You collected 1003 gold pieces.
You spent 201 gold pieces at shops.

Inventory:

Hand Weapons
 n - the +8 broad axe of Cinapo {freeze, *Rage Will+++ Dex+5}
   (You found it in a bailey)

   It has been specially enchanted to freeze those struck by it, causing extra
   injury to most foes and up to half again as much damage against particularly
   susceptible opponents.
   It can also slow down cold-blooded creatures.
   It affects your dexterity (+5).
   It affects your willpower, your defense against some magical effects.
   It may make you go berserk in combat.
 w - a +2 morningstar of venom (weapon)
Missiles
 b - 184 stones
Armour
 k - a +0 cloak
 r - a +0 leather armour (worn)
 y - a scarf of invisibility
 A - a +0 pair of boots (worn)
 D - a scarf of repulsion (worn)
Jewellery
 a - a ring of magical power (right hand)
 f - a +4 ring of protection (left hand)
 p - an uncursed ring of willpower
 q - an uncursed ring of flight
 E - an amulet of magic regeneration (around neck)
Wands
 t - a wand of disintegration (45)
 v - a wand of enslavement (8)
 C - a wand of acid (7)
Scrolls
 c - a scroll of amnesia
 g - 2 scrolls of remove curse
 i - 3 scrolls of blinking
 l - 4 scrolls of immolation
 u - 2 scrolls of teleportation
 x - 4 scrolls of identify
 B - a scroll of brand weapon
 F - a scroll of fog {unknown}
Potions
 e - 4 potions of brilliance
 h - a potion of flight
 j - a potion of curing
 m - 3 potions of mutation
 s - a potion of attraction
 z - 3 potions of haste
Miscellaneous
 o - a box of beasts


   Skills:
 - Level 8.4 Fighting
 + Level 6.4 Maces & Flails
 + Level 5.8 Dodging
 - Level 5.3 Stealth
 + Level 9.0 Spellcasting
 - Level 3.6 Transmutations
 + Level 15.0 Earth Magic
 + Level 3.0 Invocations


You had 14 spell levels left.
You knew the following spells:

 Your Spells              Type           Power        Failure   Level
a - Sandblast             Erth           100%         1%          1
b - Stone Arrow           Conj/Erth      82%          1%          3
c - Lee's Rapid Deconstr  Erth           32%          1%          5
d - Passwall              Tmut/Erth      40%          1%          2
e - Petrify               Tmut/Erth      48%          1%          4

Your spell library contained the following spells:

 Spells                   Type           Power        Failure   Level
 Leda's Liquefaction      Hex/Erth       20%          4%          4
 Animate Skeleton         Necr           18%          9%          1
 Apportation              Tloc           18%          9%          1
 Corona                   Hex            10%          9%          1
 Summon Small Mammal      Summ           36%          9%          1
 Slow                     Hex            9%           14%         2
 Inner Flame              Hex/Fire       9%           26%         3
 Portal Projectile        Hex/Tloc       18%          26%         3
 Cause Fear               Hex            4%           65%         4


Dungeon Overview and Level Annotations

Branches:
Dungeon (9/15)             Temple (1/1) D:6            Lair (1/6) D:8
    Orc (0/2) D:9           Sewer (visited)          Bailey (visited)
Gauntlet (1/1)

Altars:
Ashenzari
Cheibriados
Dithmenos
Elyvilon
Fedhas
Gozag
Hepliaklqana
Kikubaaqudgha
Makhleb
Nemelex Xobeh
Okawaru
Qazlal
Ru
Sif Muna
Trog
Uskayaw
Vehumet
Wu Jian
Xom
Yredelemnul
Zin
The Shining One
Beogh

Shops:
D:5 (   D:9 (

Annotations:
D:4 2 transporters
D:8 Maurice Gauntlet 8 transporters


Innate Abilities, Weirdness & Mutations

You are resistant to torment.
Your stone body is resilient. (AC +8)
You are immune to poison.
You resist negative energy. (rN+)
You are resistant to electric shocks. (rElec)
You can survive without breathing.
You are immune to petrification.
You are immune to miasma.


Message History

The minotaur hits you with a +5 short sword of draining.
* * * LOW HITPOINT WARNING * * *
The minotaur gores you.
* * * LOW HITPOINT WARNING * * *
You feel better.
The minotaur drinks a potion.
The minotaur is healed!
You feel better.
You hit the minotaur but do no damage.
The minotaur looks as sick as possible!
The minotaur is moderately wounded.
The minotaur hits you with a +5 short sword of draining.
The minotaur gores you!
* * * LOW HITPOINT WARNING * * *
You hit the minotaur.
The minotaur is moderately wounded.
The minotaur hits you but does no damage.
The minotaur gores you but does no damage.
You feel better.
The minotaur hits you with a +5 short sword of draining!
* * * LOW HITPOINT WARNING * * *
The minotaur gores you!
You die...

############.........############
##...©.©.©...## #.............#
###.###.###.### ###.###.###.###
#.............# #.###.###.###.#
#.###.###.###.# #......@......#
#######H####### ... ##.## ... ≈∩≈
≈≈≈ #####


You could see a minotaur (extremely poisoned).

Vanquished Creatures
  A two-headed ogre (D:7)
  A glowing orange brain (Gauntlet)
  A death drake (Gauntlet)
  The ghost of axecop the Covert, a novice NaDe of Cheibriados (D:6)
  2 ugly things (Gauntlet)
  A centaur zombie (Gauntlet)
  2 spectral centaurs (Gauntlet)
  Joseph (D:8)
  Psyche (D:9)
  A rime drake (Lair:1)
  A troll (D:8)
  Sigmund (D:6)
  8 yaks
  4 shadows (Gauntlet)
  Grum (D:9)
  6 orc warriors
  3 ice beasts
  2 phantoms (D:7)
  3 ogres
  6 wolves
  3 centaurs
  Blork the orc (D:6)
  3 big kobolds
  8 bullfrogs
  A scorpion (D:5)
  8 killer bees (D:9)
  3 wights (D:7)
  5 electric eels (D:8)
  2 bullfrog zombies
  2 quasits (D:6)
  6 orc priests
  8 hounds
  Crazy Yiuf (D:3)
  4 jellies
  2 bullfrog skeletons
  3 centaur skeletons
  6 orc wizards
  Ijyb (D:3)
  2 worker ants
  An iguana (D:4)
  Terence (D:2)
  A hound skeleton (D:6)
  A worker ant zombie (D:6)
  7 gnolls (D:8)
  A river rat (D:6)
  8 adders
  2 white imps
  An ooze (D:2)
  An adder skeleton (D:4)
  4 worms
  4 dart slugs
  7 leopard geckos
  30 orcs
  8 giant cockroaches
  8 goblins
  9 hobgoblins
  13 jackals
  8 quokkas
  5 ball pythons
  11 bats
  8 frilled lizards
  A jackal skeleton (D:4)
  32 kobolds
  6 rats
294 creatures vanquished.

Vanquished Creatures (others)
  5 dream sheep (D:9)
  3 fungi
  4 plants
12 creatures vanquished.

Grand Total: 306 creatures vanquished

Notes
Turn   | Place    | Note
-------+----------+-------------------------------------------
     0 | D:1      | rocky1 the Gargoyle Earth Elementalist began the quest for
                  | the Orb.
     0 | D:1      | Reached XP level 1. HP: 10/10 MP: 3/3
   215 | D:1      | You fall into a shaft and drop 1 floor!
   254 | D:2      | Reached XP level 2. HP: 5/16 MP: 1/5
   492 | D:2      | Reached skill level 4 in Earth Magic
   505 | D:2      | Noticed Terence
   718 | D:1      | Reached skill level 1 in Fighting
   894 | D:1      | Reached XP level 3. HP: 20/20 MP: 2/6
  1550 | D:2      | Killed Terence
  1551 | D:2      | Reached skill level 5 in Earth Magic
  1551 | D:2      | Reached XP level 4. HP: 19/26 MP: 0/7
  1868 | D:2      | Found a stormy altar of Qazlal.
  2103 | D:2      | Found a radiant altar of Vehumet.
  2452 | D:3      | Noticed Ijyb
  2456 | D:3      | Reached XP level 5. HP: 31/31 MP: 5/9
  2519 | D:3      | Killed Ijyb
  2543 | D:3      | Reached skill level 11 in Earth Magic
  2543 | D:3      | Reached XP level 6. HP: 9/44 MP: 1/15
  2815 | D:3      | Reached skill level 5 in Stealth
  2815 | D:3      | Reached skill level 13 in Earth Magic
  2815 | D:3      | Reached XP level 7. HP: 48/48 MP: 16/16
  2816 | D:3      | Reached XP level 8. HP: 53/53 MP: 16/19
  2820 | D:3      | Learned a level 2 spell: Passwall
  2824 | D:3      | Learned a level 3 spell: Stone Arrow
  2830 | D:3      | Learned a level 5 spell: Lee's Rapid Deconstruction
  2835 | D:3      | Learned a level 4 spell: Petrify
  3148 | D:3      | Found a runed translucent door.
  3149 | D:3      | Noticed Crazy Yiuf
  3182 | D:3      | Killed Crazy Yiuf
  4076 | D:4      | Found a transporter.
  4077 | D:4      | Noticed a vampire
  4080 | D:4      | Found a transporter.
  4091 | D:4      | Reached skill level 14 in Earth Magic
  4097 | D:4      | Noticed a four-headed hydra
  4099 | D:4      | Found a shimmering altar of Xom.
  4099 | D:4      | Found a broken altar of Ashenzari.
  4100 | D:4      | Found a hide-covered altar of Uskayaw.
  4203 | D:4      | Reached XP level 9. HP: 55/57 MP: 18/20
  4670 | D:4      | Found an ornate altar of the Wu Jian Council.
  4722 | D:5      | Entered Level 5 of the Dungeon
  5105 | D:5      | Found a burning altar of Makhleb.
  5204 | D:5      | Found Tunk's Weapon Shoppe.
  5215 | D:5      | Bought a +2 morningstar of protection for 201 gold pieces
  5457 | D:6      | Found a glowing drain.
  5488 | Sewer    | Entered a sewer
  5852 | D:6      | Found a runed translucent door.
  5854 | D:6      | Noticed axecop's ghost (novice NaDe)
  5866 | D:6      | Killed axecop's ghost
  5870 | D:6      | Noticed Blork the orc
  6003 | D:6      | Killed Blork the orc
  6126 | D:6      | Found a runed translucent door.
  6218 | D:6      | Reached XP level 10. HP: 62/63 MP: 9/21
  6236 | D:6      | Noticed Sigmund
  6240 | D:6      | Killed Sigmund
  6384 | D:6      | Found a staircase to the Ecumenical Temple.
  6402 | Temple   | Entered the Ecumenical Temple
  6899 | D:7      | Found a flagged portal.
  6908 | Bailey   | Entered a bailey
  7451 | Bailey   | Got an iridescent broad axe
  7457 | Bailey   | Found the +8 Wrath of Trog {antimagic, *Rage}
  7457 | Bailey   | Found a bloodstained altar of Trog.
  7537 | Bailey   | Identified the +8 broad axe of Cinapo {freeze, *Rage
                  | Will+++ Dex+5} (You found it in a bailey)
  8601 | D:8      | Noticed Maurice
  8800 | D:8      | Noticed a two-headed ogre
  8979 | D:7      | Killed a two-headed ogre
  8980 | D:7      | Reached skill level 5 in Maces & Flails
  9589 | D:8      | Reached XP level 11. HP: 65/68 MP: 17/23
  9909 | D:8      | Found a staircase to the Lair.
  9991 | D:8      | Found an ancient bone altar of Kikubaaqudgha.
  9992 | D:8      | Found a blossoming altar of Fedhas.
 10105 | D:8      | Found a glowing silver altar of Zin.
 10109 | D:8      | Noticed Joseph
 10238 | D:9      | Found a shimmering altar of Xom.
 10339 | D:9      | Found a staircase to the Orcish Mines.
 10339 | D:9      | Noticed Grum
 10342 | D:9      | Killed Grum
 10345 | D:9      | Reached skill level 5 in Dodging
 10893 | D:9      | Found a roughly hewn altar of Beogh.
 11095 | D:9      | Found Nasonuy's Weapon Emporium.
 11310 | D:9      | Noticed Psyche
 11318 | D:9      | Killed Psyche
 11443 | D:9      | Found a shimmering blue altar of Sif Muna.
 11452 | D:9      | Became a worshipper of Sif Muna the Loreminder
 11519 | D:8      | Killed Joseph
 11672 | Lair:1   | Entered Level 1 of the Lair of Beasts
 11696 | Lair:1   | Reached skill level 1 in Invocations
 11726 | Lair:1   | Found a gate leading to a gauntlet.
 11736 | Gauntlet | Entered a Gauntlet
 11736 | Gauntlet | Found a transporter.
 11736 | Gauntlet | Found a transporter.
 11740 | Gauntlet | Noticed a tengu warrior
 11866 | Gauntlet | Found a transporter.
 11866 | Gauntlet | Found a transporter.
 11880 | Gauntlet | Found a transporter.
 11882 | Gauntlet | Noticed a glowing orange brain
 11898 | Gauntlet | Found a transporter.
 11911 | Gauntlet | Found a transporter.
 11929 | Gauntlet | Noticed a purple ugly thing
 11930 | Gauntlet | Noticed a brown ugly thing
 11936 | Gauntlet | Found a transporter.
 11936 | Gauntlet | Found a transporter.
 11938 | Gauntlet | Found a transporter.
 11938 | Gauntlet | Noticed a thrashing horror
 11953 | Gauntlet | Found a transporter.
 11954 | Gauntlet | Found the cursed necklace of Bloodlust {*Rage +Rage Will++
                  | Int-3 Slay+6 *Curse}
 11967 | Gauntlet | Noticed a thrashing horror
 11970 | Gauntlet | Found a transporter.
 11977 | Gauntlet | Noticed a death drake
 11980 | Gauntlet | Found a transporter.
 11995 | Gauntlet | Found a transporter.
 12359 | Gauntlet | Killed a glowing orange brain
 12363 | Gauntlet | Killed a purple ugly thing
 12367 | Gauntlet | Killed a purple ugly thing
 12512 | Gauntlet | Killed a death drake
 12515 | Gauntlet | Reached skill level 15 in Earth Magic
 12520 | Gauntlet | Reached XP level 12. HP: 52/75 MP: 16/25
 12636 | Gauntlet | Got an ichor-stained hat
 12642 | Gauntlet | Identified the +1 hat of Ethics {Harm} (You found it in a
                  | Gauntlet)
 12671 | Gauntlet | Noticed a minotaur
 12691 | Gauntlet | Slain by a minotaur

Illustrated notes

Levels and vault maps discovered:
D:1:      kennysheep_arrival_forest, layout_loops_ring
D:2:      layout_rooms, lemuel_round_altar, grunt_qazlal_sundering, uniq_terence
D:3:      layout_basic, uniq_ijyb, uniq_crazy_yiuf_cottage
D:4:      layout_basic, gammafunk_temple_overflow_arena, marbit_many_paths,
          serial_rivers, chequers_serial_rivers_micro_c,
          chequers_serial_rivers_marsh, chequers_serial_rivers_small_b,
          chequers_serial_rivers_room_b, chequers_serial_rivers_room_b
D:5:      layout_rooms, serial_shops, shop, basic_altar
D:6:      cheibrodos_quashed, layout_loops_cross,
          minmay_temple_entry_mini_moons, cheibrodos_sewer_entry_drain,
          ebering_ghost_sewer_f, uniq_sigmund, uniq_blork_the_orc
D:7:      layout_loops_ring, enter_bailey_8
D:8:      layout_rooms, grunt_temple_overflow_growth_and_decay,
          nicolae_overflow_hidden_temple, erik_lair_island, uniq_maurice,
          uniq_joseph
D:9:      layout_irregular_city, kennysheep_mini_moat,
          minmay_orc_entry_temple_small, serial_shops,
          nicolae_shop_window_shopping, kb_xom_exploding_sheep, uniq_psyche,
          uniq_grum
Temple:   minmay_temple_bridge_abc
Lair:1:   layout_small_grid, gauntlet_entry_generic
Gauntlet: gammafunk_gauntlet_mixed_choke_point [minmay_gauntlet_arena_77_braids,
          minmay_gauntlet_arena_77_two_paths, minmay_gauntlet_arena_77_p_blocks,
          gammafunk_gauntlet_arena_chambers,
          minmay_gauntlet_arena_77_chump_sandwich,
          minmay_gauntlet_arena_77_squiggly, minmay_gauntlet_arena_77_museum,
          gauntlet_exit_watery]

Skill      XL: |  1  2  3  4  5  6  7  8  9 10 11 |
---------------+----------------------------------+-----
Earth Magic    | 4 5 11 13 14 15 | 15.0
Fighting       | 1 2 7 8 |  8.4
Spellcasting   | 6 7 8 9 |  9.0
Maces & Flails | 3 4 5 6 |  6.4
Dodging        | 3 4 5 |  5.8
Stealth        | 5 |  5.3
Transmutations | 3 |  3.6
Invocations    | 3 |  3.0

Action                   |  1- 3 |  4- 6 |  7- 9 | 10-12 || total
-------------------------+-------+-------+-------+-------++-------
Melee: Unarmed           |    28 |       |       |       ||    28
       Whip              |    92 |    99 |   119 |       ||   310
       Morningstar       |       |       |    50 |   204 ||   254
 Cast: Sandblast         |    45 |    29 |    41 |    41 ||   156
       Lee's Rapid Decon |       |       |    23 |    88 ||   111
       Stone Arrow       |       |       |    12 |     4 ||    16
       Passwall          |       |       |     1 |     1 ||     2
       Petrify           |       |       |       |     1 ||     1
  Use: Potion            |     2 |     2 |     3 |     6 ||    13
       Scroll            |       |       |    12 |     9 ||    21
 Stab: Sleeping          |       |       |     1 |     2 ||     3
Armor: Robe              |    75 |    52 |    12 |       ||   139
       Leather armour    |       |       |    80 |   182 ||   262
Dodge: Dodged            |   134 |    54 |   158 |   232 ||   578
